Map: Eternal Empire LE

Players

JinairRogue (Rogue) - Winner!

  • Race: Zerg Zerg
  • Spawn Location: 7:00

Astrea

  • Race: Protoss Protoss
  • League: Grandmaster
  • Spawn Location: 1:00

VOD

Have the link to the VOD?

Description

Time

  • Played on: Jan. 16, 2020, 4:17 a.m.
  • Length: 11:23
Show
View Real Time Build Order
Export as new Build Order

JinairRogue Zerg - Winner!

Build Orders: Hatch First, Lurkers 

Get SALT Encoding   

  12  0:00  Drone  
  13  0:12  Overlord  
  13  0:16  Drone  
  14  0:30  Drone x2  
  16  0:48  Hatchery  
  15  0:51  Drone  
  15  0:54  Drone  
  17  0:57  Drone  
  18  1:09  Extractor  
  17  1:13  Spawning Pool  
  17  1:16  Drone  
  17  1:20  Drone  
  18  1:28  Drone  
  19  1:39  Drone  
  20  1:45  Hatchery  
  19  1:49  Drone  
  20  2:00  Queen  
  22  2:02  Zergling x2  
  22  2:05  Drone  
  24  2:14  Queen  
  26  2:21  Overlord  
  26  2:24  Drone  
  26  2:26  Drone  
  28  2:38  Metabolic Boost  
  28  2:39  Zergling x2  
  28  2:41  Drone x2  
  31  2:46  Queen  
  33  2:52  Zergling x2  
  33  2:55  Zergling x2  
  33  2:56  Zergling x2  
  36  3:01  Queen  
  38  3:06  Overlord  
  38  3:08  Drone  
  38  3:10  Drone  
  38  3:12  Drone  
  41  3:14  Drone  
  42  3:21  Overlord  
  42  3:27  Drone  
  42  3:28  Drone x3  
  42  3:30  Spore Crawler  
  44  3:34  Drone x2  
  45  3:43  Drone  
  45  3:44  Queen  
  45  3:48  Drone x2  
  50  3:53  Drone x3  
  53  3:57  Spore Crawler, Drone  
  53  4:00  Overlord  
  53  4:05  Drone x3  
  53  4:07  Drone  
  57  4:11  Spore Crawler  
  57  4:14  Overlord  
  57  4:15  Drone  
  57  4:17  Overlord  
  57  4:20  Drone x2  
  59  4:25  Drone x3  
  59  4:30  Zergling x6  
  65  4:33  Overlord  
  65  4:38  Drone x5  
  68  4:41  Extractor  
  63  4:46  Drone x2  
  63  4:48  Lair  
  63  4:52  Drone x2  
  67  4:53  Drone  
  67  4:58  Drone x5  
  73  5:01  Drone x2  
  73  5:02  Drone  
  73  5:06  Extractor x2  
  74  5:08  Overlord  
  74  5:12  Roach Warren  
  74  5:13  Extractor  
  74  5:14  Extractor  
  71  5:17  Drone x4  
  71  5:20  Drone  
  71  5:21  Drone  
  76  5:23  Overlord  
  76  5:25  Overlord  
  76  5:26  Overlord  
  76  5:29  Drone x2  
  76  5:31  Overlord  
  78  5:36  Drone x3  
  78  5:40  Overlord  
  81  5:43  Drone x3  
  81  5:47  Evolution Chamber  
  83  5:53  Glial Reconstitution  
  83  5:54  Drone x2  
  85  6:01  Hydralisk Den  
  84  6:05  Hatchery  
  84  6:06  Roach x4  
  91  6:13  Roach x4  
  91  6:15  Zerg Missile Weapons Level 1  
  91  6:17  Overlord  
  99  6:21  Drone  
  99  6:22  Drone x3  
  99  6:25  Overseer  
  103  6:29  Pneumatized Carapace  
  103  6:31  Grooved Spines  
  103  6:34  Overlord  
  103  6:42  Hydralisk x6  
  115  6:52  Drone x3  
  115  6:53  Drone x2  
  120  6:58  Drone x2  
  120  6:59  Drone, Hydralisk  
  120  7:00  Hydralisk x2  
  126  7:02  Unknown  
  126  7:03  Overlord  
  125  7:08  Lurker Den  
  125  7:09  Infestation Pit  
  125  7:12  Hydralisk x3  
  125  7:15  Spore Crawler  
  128  7:19  Overlord  
  128  7:23  Drone x2  
  128  7:24  Drone x2  
  128  7:27  Hydralisk x3  
  138  7:31  Overlord  
  138  7:36  Hydralisk x2  
  142  7:42  Muscular Augments  
  142  7:46  Drone  
  142  7:48  Hive  
  143  8:00  Hatchery  
  143  8:01  Hydralisk x3  
  143  8:02  Hydralisk x4  
  156  8:07  Drone x4  
  160  8:14  Lurker x6  
  160  8:16  Overlord x2  
  160  8:19  Zerg Missile Weapons Level 2  
  166  8:21  Spore Crawler  
  166  8:26  Drone x3  
  168  8:29  Spore Crawler  
  168  8:30  Spore Crawler  
  168  8:33  Overlord  
  165  8:37  Lurker x4  
  165  8:39  Drone  
  170  8:43  Overlord  
  170  8:48  Extractor  
  170  8:52  Extractor  
  170  8:53  Hatchery  
  167  8:57  Hydralisk  
  167  8:58  Hydralisk x5  
  179  9:03  Spine Crawler x2  
  179  9:07  Zergling x8  
  179  9:08  Zergling x10  
  186  9:11  Seismic Spines  
  186  9:13  Drone x3  
  189  9:17  Spore Crawler  
  189  9:18  Spore Crawler  
  189  9:19  Lurker x4  
  189  9:23  Zergling x2  
  189  9:24  Zergling x8  
  195  9:26  Overseer x2  
  195  9:35  Zergling x2  
  195  9:36  Zergling x18  
  197  9:45  Viper x2  
  176  9:49  Viper  
  185  9:55  Zergling x8  
  185  9:56  Zergling x12  
  185  9:57  Evolution Chamber  
  185  9:58  Evolution Chamber x2  
  192  10:02  Lurker x2  
  194  10:09  Lurker x2  
  194  10:10  Zergling x2  
  194  10:11  Zergling x22  
  186  10:16  Drone x2  
  186  10:18  Lurker x2  
  190  10:25  Hydralisk x4  
  190  10:26  Zergling x6  
  186  10:37  Hydralisk  
  186  10:38  Hydralisk x4  
  186  10:39  Zergling x4  
  189  10:52  Hydralisk  
  189  10:53  Hydralisk x4  
Show
View Real Time Build Order
Export as new Build Order

Astrea Protoss 

Build Orders: 1 Gate Expand, Oracle Opening 

Get SALT Encoding   

  12  0:00  Probe  
  13  0:12  Probe  
  14  0:18  Pylon  
  14  0:24  Probe  
  15  0:29  Assimilator  
  15  0:37  Probe (Chrono Boost)  
  16  0:43  Gateway  
  16  0:48  Probe (Chrono Boost)  
  17  0:53  Probe (Chrono Boost)  
  18  1:03  Probe  
  19  1:15  Probe  
  20  1:23  Nexus  
  20  1:33  Cybernetics Core  
  20  1:36  Probe  
  21  1:42  Assimilator  
  21  1:48  Probe  
  21  1:53  Pylon  
  22  2:00  Probe  
  23  2:08  Probe, Adept (Chrono Boost)  
  26  2:16  Probe, Stargate  
  26  2:21  Warp Gate  
  27  2:27  Probe  
  27  2:29  Adept (Chrono Boost)  
  28  2:35  Probe  
  31  2:40  Probe  
  32  2:47  Probe  
  32  2:51  Stalker  
  33  2:52  Probe  
  36  2:59  Probe  
  36  3:04  Probe, Oracle (Chrono Boost)  
  41  3:11  Probe  
  42  3:15  Pylon  
  42  3:16  Probe  
  43  3:23  Probe  
  43  3:25  Pylon  
  44  3:28  Probe  
  45  3:36  Probe, Oracle (Chrono Boost)  
  45  3:38  Gateway  
  49  3:43  Probe  
  51  3:48  Probe  
  51  3:55  Probe  
  52  4:00  Nexus  
  52  4:03  Pylon  
  52  4:05  Probe, Pylon  
  52  4:08  Probe  
  54  4:15  Phoenix  
  56  4:18  Probe (Chrono Boost)  
  56  4:19  Assimilator  
  56  4:20  Assimilator  
  56  4:22  Probe (Chrono Boost)  
  58  4:28  Sentry  
  58  4:29  Probe (Chrono Boost)  
  62  4:31  Probe (Chrono Boost)  
  62  4:33  Sentry  
  62  4:34  Probe (Chrono Boost)  
  62  4:36  Probe (Chrono Boost)  
  64  4:44  Probe  
  66  4:48  Probe  
  66  4:50  Gateway  
  66  4:52  Gateway  
  67  4:56  Probe, Sentry x2  
  72  5:00  Probe  
  72  5:03  Shield Battery  
  73  5:08  Probe  
  73  5:12  Probe  
  73  5:13  Forge  
  73  5:14  Probe, Twilight Council  
  76  5:20  Probe  
  77  5:23  Zealot x2  
  77  5:24  Probe (Chrono Boost)  
  77  5:26  Probe (Chrono Boost)  
  83  5:33  Probe (Chrono Boost)  
  84  5:37  Probe (Chrono Boost), Assimilator  
  84  5:38  Probe (Chrono Boost)  
  84  5:41  Assimilator  
  87  5:43  Probe (Chrono Boost)  
  87  5:44  Probe (Chrono Boost), Robotics Facility x2  
  87  5:45  Probe (Chrono Boost)  
  87  5:46  Protoss Ground Weapons Level 1 (Chrono Boost)  
  87  5:47  Probe (Chrono Boost)  
  90  5:52  Charge  
  90  5:54  Probe x2  
  92  5:57  Pylon  
  92  5:59  Probe  
  92  6:03  Pylon  
  93  6:15  Probe x2  
  95  6:22  Gateway  
  95  6:23  Gateway x2  
  95  6:24  Gateway  
  95  6:30  Immortal (Chrono Boost)  
  103  6:34  Photon Cannon  
  103  6:35  Photon Cannon  
  103  6:38  Pylon  
  103  6:41  Immortal (Chrono Boost), Sentry  
  103  6:42  Zealot x2  
  109  6:49  Robotics Bay  
  109  6:50  Pylon  
  113  7:06  Warp Prism (Chrono Boost)  
  108  7:12  Immortal (Chrono Boost)  
  112  7:23  Pylon  
  112  7:24  Pylon  
  112  7:33  Colossus (Chrono Boost)  
  118  7:37  Extended Thermal Lance  
  118  7:41  Photon Cannon  
  118  7:45  Photon Cannon, Sentry x2, Colossus (Chrono Boost), Stalker x2  
  118  7:46  Stalker x4  
  118  7:47  Shield Battery  
  118  7:49  Protoss Ground Weapons Level 2  
  134  7:57  Blink (Chrono Boost)  
  134  8:09  Pylon  
  134  8:10  Pylon  
  140  8:23  Pylon  
  140  8:24  Pylon  
  140  8:26  Pylon, Colossus (Chrono Boost)  
  140  8:28  Stalker x7  
  140  8:31  Observer (Chrono Boost)  
  140  8:33  Pylon  
  155  8:42  Pylon  
  158  8:58  Disruptor (Chrono Boost)  
  158  9:04  Disruptor (Chrono Boost)  
  158  9:07  Nexus  
  158  9:09  Stalker x8  
  171  9:17  Pylon  
  169  9:28  Void Ray  
  140  9:46  Observer  
  140  9:48  Stalker x8  
  157  9:56  Disruptor  
  156  10:15  Stalker x8  
  156  10:18  Disruptor  
  158  10:47  Zealot x8  
  149  11:09  Stalker x8  
Tags
 
Add a new tag
Caveats
  • Supply blocks, unpowered buildings, or Contaminate may cause inaccurate times.
  • Supply counts are checked every 10 seconds.